AoeStats
← ercoba92

Arena

510145088Analyzed
2v2 RM · 3d ago on Sep 29, 2026· 42m 46s· 4 players
Game mode
Random Map
Map size
Medium (4 player)
Population
200
Speed
Normal
Resources
Standard
Victory
Conquest
Starting age
Dark Age
Ending age
Imperial Age
RankedLock teamsTeams togetherTeam positionsShared explorationLock speedFull tech treeHidden civsTurbo modeCheats
Victory
Defeat
🇺🇿 Bohemians · Uzbekistan
929
+17
🇩🇪 Franks · Germany
928
+17
🇧🇷 Khmer · Brazil
978
-18
🇪🇸 Burgundians · Spain
915
-42
Chill
11:19 Feudal Age
12:53 Wheelbarrow
12:11 Double-Bit Axe
12:19 Gold Mining
19:40 Castle Age
18:23 Man-at-Arms
19:19 Stone Mining
20:41 Husbandry
21:13 Bow Saw
26:35 Caravan
27:44 Hand Cart
27:12 Pikeman
28:16 Long Swordsman
29:15 Squires
30:23 Forging
30:13 Scale Mail Armor
30:19 Scale Barding Armor
30:13 Gambesons
34:30 Imperial Age
32:02 Arson
32:13 Fletching
34:16 Iron Casting
33:56 Chain Mail Armor
34:02 Chain Barding Armor
35:06 Town Watch
36:54 Chemistry
36:16 Ballistics
36:06 Fortified Wall
36:42 Two-Handed Swordsman
36:44 Halberdier
36:57 Cavalier
38:57 Blast Furnace
38:28 Plate Mail Armor
38:33 Plate Barding Armor
37:59 Padded Archer Armor
38:24 Champion
39:44 Light Cavalry
39:55 Heavy Scorpion
40:36 Crossbowman
40:40 Elite Skirmisher
40:53 Cranequins
41:49 Bodkin Arrow
42:26 Coinage
43:01 Hoardings
42:47 Conscription
42:29 Heavy Mounted Crossbowman
gloow777
10:44 Feudal Age
15:34 Castle Age
13:42 Double-Bit Axe
13:43 Horse Collar
18:12 Bow Saw
18:40 Heavy Plow
21:52 Loom
23:52 Wheelbarrow
24:02 Fletching
25:21 Hand Cart
25:43 Bodkin Arrow
26:15 Ballistics
26:41 Padded Archer Armor
26:52 Forging
26:44 Murder Holes
33:12 Imperial Age
34:12 Sanctity
34:59 Chemistry
37:22 Hussite Reforms
38:12 Wagenburg Tactics
38:34 Conscription
39:36 Redemption
41:01 Two-Man Saw
40:19 Fervor
40:33 Block Printing
ercoba92
12:18 Feudal Age
12:11 Wheelbarrow
12:24 Horse Collar
13:00 Double-Bit Axe
13:27 Heavy Plow
16:18 Bow Saw
22:22 Hand Cart
22:16 Scale Mail Armor
24:08 Forging
27:16 Scale Barding Armor
31:25 Castle Age
30:00 Padded Archer Armor
29:51 Fletching
31:41 Cavalier
32:22 Husbandry
34:52 Leather Archer Armor
35:11 Chain Barding Armor
35:07 Chain Mail Armor
35:36 Iron Casting
34:57 Bodkin Arrow
34:39 Elite Skirmisher
43:43 Imperial Age
Caio Pai
1:50 Loom
14:03 Feudal Age
17:31 Castle Age
15:53 Double-Bit Axe
15:52 Horse Collar
17:25 Wheelbarrow
18:29 Bow Saw
19:06 Gold Mining
19:54 Stone Mining
20:27 Pikeman
22:59 Heavy Plow
30:26 Gold Shaft Mining
30:12 Hand Cart
29:42 Town Watch
30:31 Tusk Swords
32:38 Stone Shaft Mining
32:11 Husbandry
Connection lost

Rejoining the realm…

Still unreachable

The connection could not be restored.

Session expired

The server has moved on; the page needs a fresh start.